 Dungeon Crawl Stone Soup version 0.30-a0-918-g0ff054e9dc (webtiles) character file.

Game seed: 5398018019721529793

2509 Pimp the Trooper (level 9, -11/63 HPs)
             Began as a Demonspawn Fighter on Mar 20, 2023.
             Was an Initiate of Gozag.
             Killed from afar by an acid dragon (24 damage)
             ... with a splash of acid
             ... on level 6 of the Dungeon.
             The game lasted 00:12:17 (4867 turns).

Pimp the Trooper (Demonspawn Fighter)               Turns: 4867, Time: 00:12:18

Health: -11/63     AC: 11    Str: 19    XL:     9   Next: 28%
Magic:  8/8        EV: 10    Int: 11    God:    Gozag
Gold:   462        SH:  9    Dex: 13    Spells: 8/8 levels left

rFire   . . .      SeeInvis .    a - +1 war axe
rCold   . . .      Faith    .    c - +0 buckler
rNeg    + . .      Spirit   .    j - +0 chain mail
rPois   +          Reflect  .    q - +0 hat
rElec   .          Rampage  .    (no cloak)
rCorr   .                        (no gloves)
Will    .....                    v - +0 pair of boots Stlth
                                 (no amulet)
HPRegen 0.00/turn                i - ring of poison resistance
MPRegen 0.11/turn                t - ring of positive energy

@: gold aura, inhibited regen
A: spiny 2, sturdy frame 1, condensation shield, weakness stinger 1, hooves 1,
frail 1, low MP 1, inhibited regeneration
a: Renounce Religion, Potion Petition, Call Merchant, Bribe Branch


You were on level 6 of the Dungeon.
You worshipped Gozag.
Gozag was aware of your devotion.
You visited 1 branch of the dungeon, and saw 6 of its levels.

You collected 545 gold pieces.
You paid 83 gold pieces to Gozag.

Inventory:

Hand Weapons
 a - a +1 war axe (weapon)
Armour
 b - a +0 scale mail
 c - a +0 buckler (worn)
 j - a +0 chain mail (worn)
 q - a +0 hat (worn)
 v - a +0 pair of boots (worn)
Jewellery
 g - an amulet of guardian spirit
 i - a ring of poison resistance (left hand)
 t - a ring of positive energy (right hand)
 w - an amulet of regeneration
Wands
 n - a wand of digging (1)
 r - a wand of flame (28) (quivered)
 s - a wand of light (10)
Scrolls
 d - a scroll of butterflies
 e - 2 scrolls of blinking
 f - a scroll of amnesia {unknown}
 l - 2 scrolls of identify
 m - 3 scrolls of teleportation
 u - a scroll of fog
Potions
 h - 2 potions of mutation
 k - a potion of cancellation
 o - a potion of heal wounds
 p - 2 potions of flight


   Skills:
 + Level 6.3 Fighting
 + Level 5.4 Axes
 + Level 5.7 Armour
 + Level 4.9 Dodging
 + Level 5.9 Shields


You had 8 spell levels left.
You didn't know any spells.
Your spell library contained the following spells:

 Spells                   Type           Power      Damage    Failure   Level
 Freeze                   Ice            0%         1d3       95%         1
 Summon Small Mammal      Summ           0%         N/A       95%         1
 Scorch                   Fire           0%         2d5       98%         2
 Call Canine Familiar     Summ           0%         N/A       100%        3
 Frozen Ramparts          Ice            0%         1d1       100%        3
 Hailstorm                Conj/Ice       0%         3d3       100%        3
 Summon Guardian Golem    Hex/Summ       0%         N/A       100%        3
 Flame Wave               Conj/Fire      0%         2d4       100%        4
 Summon Cactus Giant      Summ           0%         N/A       100%        6
 Orb of Destruction       Conj           0%         9d5       100%        7
 Spellforged Servitor     Conj/Summ      0%         N/A       100%        7


Dungeon Overview and Level Annotations

Branches:
Dungeon (6/15)
 Temple: D:4-7

Altars:
Gozag
Hepliaklqana

Shops:
D:3 =   D:5 (


Innate Abilities, Weirdness & Mutations

You are mostly covered in sharp spines.
Your movements are slightly less encumbered by armour. (ER -2)
A meltable shield of frost defends you. (SH +4)
You have a small tail.
You have large cloven feet.
You are frail. (-10% HP)
Your magical capacity is low. (-10% MP)
You do not regenerate when monsters are visible.


Message History

You barely miss Edmund. You tail-slap Edmund.
Edmund is lightly wounded.
You block Edmund's attack.
You barely miss Edmund.
Edmund is lightly wounded.
You block Edmund's attack.
You closely miss Edmund. You tail-slap Edmund, but do no damage.
Edmund is lightly wounded.
You block Edmund's attack.
You completely miss Edmund.
Edmund is lightly wounded.
Edmund barely misses you.
You closely miss Edmund. You tail-slap Edmund, but do no damage.
Edmund is lightly wounded.
Edmund is struck by your spines. Edmund hits you but does no damage.
You block Edmund's attack.
You slash Edmund! You tail-slap Edmund, but do no damage.
Edmund is heavily wounded.
Edmund hits you with a +4 flail of protection.
You slash Edmund!
Your tail-slap misses Edmund.
Edmund is severely wounded.
Edmund hits you with a +4 flail of protection!
You hit Edmund.
Edmund is severely wounded.
Edmund hits you with a +4 flail of protection!
You closely miss Edmund.
Edmund is severely wounded.
Edmund hits you with a +4 flail of protection.
Edmund is struck by your spines.
Edmund hits you with a +4 flail of protection.
You hit Edmund but do no damage.
Edmund is severely wounded.
Edmund hits you with a +4 flail of protection!
* * * LOW HITPOINT WARNING * * *
You slash Edmund!
You kill Edmund!
The acid dragon spits acid at you. The splash of acid hits you!!
You die...
Your body crumbles into a pile of gold.

####### #######.....#
#.....#.....#
#.....#.....#
#.....#?....#
#.........@.#
#########.###+###$#
...#..###.#$$...#D#
...#......#.$$..#...
...#....#.#.._..#....
...#....#.#.....#.....
...#....#.#.....#.....
...#....#.#######.....#
..(#....#........


You could see an acid dragon (catching breath).

Vanquished Creatures
  A two-headed ogre (D:6)
  Sigmund (D:2)
  Edmund (D:6)
  2 water moccasins (D:5)
  Duvessa (D:5)
  2 ice beasts
  2 ogres (D:5)
  A centaur (D:5)
  A phantom (D:6)
  A bullfrog (D:6)
  2 scorpions
  Dowan (D:5)
  3 howler monkeys
  2 hounds
  2 gnoll boudas (D:5)
  2 iguanas
  Jessica (D:2)
  3 orc wizards
  Terence (D:2)
  A mummy (D:6)
  Robin (D:3)
  6 adders
  13 gnolls
  A shadow imp (D:6)
  A white imp (D:6)
  An ufetubus (D:5)
  6 dart slugs
  15 orcs
  9 endoplasms
  3 giant cockroaches
  13 hobgoblins
  5 jackals
  3 kobolds
  4 quokkas
  6 ball pythons
  9 bats
  2 frilled lizards
  13 goblins
  5 rats
147 creatures vanquished.

Vanquished Creatures (others)
  A plant (D:1)
  A withered plant (D:1)
2 creatures vanquished.

Grand Total: 149 creatures vanquished

Notes
Turn   | Place    | Note
-------+----------+-------------------------------------------
     0 | D:1      | Pimp the Demonspawn Fighter began the quest for the Orb.
     0 | D:1      | Reached XP level 1. HP: 18/18 MP: 1/1
   335 | D:1      | Gained mutation: You are partially covered in sharp spines.
                  | [demonic ancestry]
   335 | D:1      | Reached XP level 2. HP: 20/24 MP: 2/2
   487 | D:1      | Found a faded altar of an unknown god.
   540 | D:1      | Gained mutation: You are mostly covered in sharp spines.
                  | [demonic ancestry]
   540 | D:1      | Reached XP level 3. HP: 29/29 MP: 3/3
  1438 | D:2      | Noticed Sigmund
  1444 | D:2      | Killed Sigmund
  1445 | D:2      | Reached skill level 1 in Dodging
  1445 | D:2      | Gained mutation: Your movements are slightly less
                  | encumbered by armour. (ER -2) [demonic ancestry]
  1445 | D:2      | Reached XP level 4. HP: 32/37 MP: 4/4
  1445 | D:2      | Reached XP level 5. HP: 37/42 MP: 5/5
  1465 | D:2      | Noticed Jessica
  1471 | D:2      | Killed Jessica
  1506 | D:2      | Reached skill level 4 in Fighting
  1596 | D:2      | Noticed Terence
  1603 | D:2      | Killed Terence
  1604 | D:2      | Gained mutation: You have a small tail. [demonic ancestry]
  1604 | D:2      | Reached XP level 6. HP: 48/48 MP: 6/6
  2090 | D:3      | Noticed Robin
  2097 | D:3      | Killed Robin
  2125 | D:3      | Found Zooneu Zaer's Jewellery Emporium.
  2911 | D:5      | Entered Level 5 of the Dungeon
  2911 | D:5      | Noticed a water moccasin
  2919 | D:5      | Killed a water moccasin
  2920 | D:5      | Gained mutation: A meltable shield of frost defends you.
                  | (SH +4) [demonic ancestry]
  2920 | D:5      | Reached XP level 7. HP: 55/55 MP: 7/7
  3034 | D:5      | Reached skill level 5 in Fighting
  3286 | D:5      | Noticed Duvessa
  3287 | D:5      | Noticed Dowan
  3294 | D:5      | Killed Duvessa
  3295 | D:5      | Reached XP level 8. HP: 55/62 MP: 8/8
  3306 | D:5      | Killed Dowan
  3434 | D:5      | Found Xopn's Antique Weapon Emporium.
  3468 | D:5      | Found an opulent altar of Gozag.
  3476 | D:5      | Became a worshipper of Gozag Ym Sagoz the Greedy
  4038 | D:6      | Reached skill level 5 in Shields
  4202 | D:6      | Noticed a two-headed ogre
  4224 | D:6      | HP: 1/63 [two-headed ogre/+0 giant club (11)]
  4225 | D:6      | Gained mutation: You are frail. (-10% HP) [potion of
                  | mutation]
  4225 | D:6      | Gained mutation: You do not regenerate when monsters are
                  | visible. [potion of mutation]
  4225 | D:6      | Gained mutation: Your magical capacity is low. (-10% MP)
                  | [potion of mutation]
  4225 | D:6      | Gained mutation: You have large cloven feet. [potion of
                  | mutation]
  4228 | D:6      | Killed a two-headed ogre
  4229 | D:6      | Reached skill level 6 in Fighting
  4229 | D:6      | Reached skill level 5 in Axes
  4229 | D:6      | Reached skill level 5 in Armour
  4229 | D:6      | Reached XP level 9. HP: 24/62 MP: 8/8
  4816 | D:6      | Found a hazy altar of Hepliaklqana.
  4847 | D:6      | Noticed Edmund
  4867 | D:6      | Killed Edmund
  4867 | D:6      | Killed from afar by an acid dragon

Illustrated notes

Levels and vault maps discovered:
D:1:      minmay_arrival_stone_box, layout_basic,
          shapermc_ecumenical_altar_flowoftime
D:2:      layout_rooms, minmay_between, uniq_jessica, uniq_sigmund, uniq_terence
D:3:      layout_rooms, serial_shops, shop, uniq_robin
D:4:      layout_cave_pools
D:5:      layout_cave_pods, pdpol_temple_overflow_zin_treasury_gozag_greed,
          serial_shops, kennysheep_little_box, uniq_duvessa
D:6:      layout_gridville, grunt_qazlal_clouds, amcnicky_altar_gilded,
          nicolae_ossuary_entry_giza, minmay_manual_monstrance, uniq_edmund

Skill      XL: |  1  2  3  4  5  6  7  8 |
---------------+-------------------------+-----
Axes           | 2 3 4 5 |  5.4
Shields        | 3 4 5 |  5.9
Armour         | 3 4 5 |  5.7
Dodging        | 1 2 3 4 |  4.9
Fighting       | 4 5 6 |  6.3

Action                     |  1- 3 |  4- 6 |  7- 9 || total
---------------------------+-------+-------+-------++-------
  Melee: War axe           |    70 |    75 |   144 ||   289
         Tailslap          |       |     7 |    27 ||    34
  Evoke: Wand              |       |       |     5 ||     5
    Use: Scroll            |     3 |     6 |     4 ||    13
         Potion            |     1 |     1 |     5 ||     7
 Armour: Scale mail        |    21 |       |       ||    21
         Chain mail        |     8 |    24 |    53 ||    85
  Dodge: Dodged            |    38 |    24 |    50 ||   112
  Block: Buckler           |    21 |    20 |   109 ||   150

Table legend: (Time is in decaauts)
 A = Elapsed time spent in this place.
 B = Non-inter-level travel time spent in this place.
 C = Inter-level travel time spent in this place.
 D = Time resting spent in this place.
 E = Time spent auto-exploring this place.
 F = Levels seen in this place.
 G = Mean time per level.
                   A        B        C        D        E       F      G
               +--------+--------+--------+--------+--------+-----+--------+
         Total |   4972 |   4694 |    278 |    725 |   2880 |   6 |  828.7 |
       Dungeon |   4972 |   4694 |    278 |    725 |   2880 |   6 |  828.7 |
               +--------+--------+--------+--------+--------+-----+--------+

Top non-repeatable levels by time:
     D:5: 1384 daAuts
     D:1: 1093 daAuts
     D:4: 707 daAuts
     D:2: 676 daAuts
     D:6: 619 daAuts
     D:3: 491 daAuts
